 Dungeon Crawl Stone Soup version 0.30-a0-142-g7370640ec8 (webtiles) character file.

Game seed: 12105420484343861838

76 Julmuri the Conjurer (level 4, 0/20 (21) HPs)
             Began as a Vine Stalker Conjurer on Sept 26, 2022.
             Succumbed to Crazy Yiuf's poison
             ... on level 2 of the Dungeon.
             The game lasted 00:07:15 (2129 turns).

Julmuri the Conjurer (Vine Stalker Conjurer)        Turns: 2129, Time: 00:07:15

HP:   0/20 (21)     AC:  3    Str: 10    XL:     4   Next: 32%
MP:   1/9           EV: 12    Int: 20    God:
Gold: 59            SH:  0    Dex: 12    Spells: 7/8 levels left

rFire   . . .      SeeInvis .    n - +2 dagger (vamp)
rCold   . . .      Faith    .    (no shield)
rNeg    . . .      Spirit   +    a - +0 robe
rPois   .          Reflect  .    (no helmet)
rElec   .          Harm     .    (no cloak)
rCorr   .          Rampage  .    (no gloves)
Will    .....                    k - +0 pair of boots
Stlth   ++........               f - amulet of guardian spirit
HPRegen 0.86/turn                (no ring)
MPRegen 0.11/turn                (no ring)

@: lethally poisoned (0 -> -16), lightly drained
A: fangs 2, regeneration 1, magic shield, antimagic bite, no potion heal 2
a: no special abilities


You were on level 2 of the Dungeon.
You visited 1 branch of the dungeon, and saw 2 of its levels.

You collected 59 gold pieces.

Inventory:

Hand Weapons
 c - a +0 dagger
 i - a +2 dagger of holy wrath
 n - a +2 vampiric dagger (weapon)
Armour
 a - a +0 robe (worn)
 k - a +0 pair of boots (worn)
Jewellery
 f - an amulet of guardian spirit (around neck)
 h - a ring of positive energy
Scrolls
 d - a scroll of poison {unknown}
 g - a scroll of teleportation {unknown}
 l - a scroll of identify {unknown}
 m - a scroll of amnesia {unknown}
Potions
 b - a potion of magic
 e - a potion of heal wounds {unknown}
 j - a potion of attraction {unknown}
 o - a potion of ambrosia {unknown}


   Skills:
 + Level 0.1 Short Blades
 + Level 1.5 Dodging
 + Level 3.0 Stealth
 + Level 2.9 Spellcasting
 + Level 5.1 Conjurations


You had 7 spell levels left.
You knew the following spells:

 Your Spells              Type           Power      Damage    Failure   Level
a - Magic Dart            Conj           92%        1d7       1%          1

Your spell library contained the following spells:

 Spells                   Type           Power      Damage    Failure   Level
 Searing Ray              Conj           46%        2d6       2%          2
 Dazzling Flash           Conj/Hex       26%        N/A       16%         3
 Fulminant Prism          Conj/Hex       6%         3d7       45%         4
 Iskenderun's Mystic Bla  Conj/Tloc      13%        2d5       45%         4


Dungeon Overview and Level Annotations

Branches:
Dungeon (2/15)

Altars:
Sif Muna

Annotations:
D:2 Crazy Yiuf


Innate Abilities, Weirdness & Mutations

You have extremely sharp teeth.
Your natural rate of healing is unusually fast.
When hurt, damage is shared between your health and your magic reserves.
Your bite disrupts and absorbs the magic of your enemies.
Potions cannot restore your health.


Message History

You open the door. You open the door.
There is an open door here.
You open the door.
A ball python comes into view.
The magic dart hits the ball python.
You kill the ball python!
There is an open door here.
You see here a +0 robe.
A goblin comes into view. It is wielding a +0 dagger.
The magic dart hits the goblin.
You kill the goblin!
You see here a +0 dagger.
There is an open door here.
o - a clear potion
Found 5 stones.
Found a hammer.
Found a runed translucent door.
Crazy Yiuf shouts!
You see here 5 stones.
You see here 5 stones.
You open the door. Crazy Yiuf closely misses you.
Crazy Yiuf attacks as you move away!
Crazy Yiuf hits you with a +4 quarterstaff of chaos!
You feel drained. Crazy Yiuf attacks as you move away!
Crazy Yiuf hits you with a +4 quarterstaff of chaos!
Crazy Yiuf freezes you.
Crazy Yiuf whimpers, "Walk forty-two sanguine!"
Crazy Yiuf attacks as you move away! Crazy Yiuf closely misses you.
Crazy Yiuf attacks as you move away! Crazy Yiuf closely misses you.
Crazy Yiuf laughs, "Lugonu verde water!"
Crazy Yiuf attacks as you move away! Crazy Yiuf barely misses you.
Crazy Yiuf whimpers, "Scoff mobile sing!"
Crazy Yiuf attacks as you move away!
Crazy Yiuf hits you with a +4 quarterstaff of chaos!
Ouch! That really hurt!
* * * LOW HITPOINT WARNING * * *
You are lethally poisoned!
You die...

######.).#.#......
#.................
#.########.......#
#.# ##....†.# #.#
#....... #.#
######## #.# #.#
#######
#@#########...#.##
#..g....#......#..
######........####
#(##.#..## #
#.####### #.####
#....# ######


You could see Crazy Yiuf.

Vanquished Creatures
  Jessica (D:2)
  A worm (D:2)
  3 ball pythons (D:2)
  5 bats
  5 endoplasms
  A giant cockroach (D:2)
  3 hobgoblins
  5 jackals
  A quokka (D:2)
  8 frilled lizards
  2 goblins (D:2)
  5 kobolds
  4 rats (D:1)
44 creatures vanquished.

Notes
Turn   | Place    | Note
-------+----------+-------------------------------------------
     0 | D:1      | Julmuri the Vine Stalker Conjurer began the quest for the
                  | Orb.
     0 | D:1      | Reached XP level 1. HP: 9/9 MP: 4/4
    83 | D:1      | Reached XP level 2. HP: 13/13 MP: 0/6
  1004 | D:2      | Found a shimmering blue altar of Sif Muna.
  1187 | D:2      | Reached XP level 3. HP: 16/16 MP: 3/7
  1732 | D:2      | Found a faded altar of an unknown god.
  1741 | D:2      | Noticed Jessica
  1746 | D:2      | Killed Jessica
  1747 | D:2      | Reached skill level 5 in Conjurations
  1747 | D:2      | Gained mutation: Your natural rate of healing is unusually
                  | fast. [Vine Stalker growth]
  1747 | D:2      | Reached XP level 4. HP: 21/21 MP: 0/9
  2073 | D:2      | Found a runed translucent door.
  2074 | D:2      | Noticed Crazy Yiuf
  2129 | D:2      | Succumbed to Crazy Yiuf's poison

Illustrated notes

Levels and vault maps discovered:
D:1:      amcnicky_arrival_choice, layout_basic
D:2:      layout_basic, ebering_ecumenical_altar_sacrificial, basic_altar,
          grunt_ministairs_10, nicolae_kite_square_tiling_tiny,
          minmay_lizard_pond, uniq_jessica, uniq_crazy_yiuf_cottage

Skill      XL: |  1  2  3  4 |
---------------+-------------+-----
Conjurations   | 5 |  5.1
Stealth        | 3 |  3.0
Short Blades   | |  0.1
Dodging        | |  1.5
Spellcasting   | |  2.9

Action                   |  1- 3 |  4- 6 || total
-------------------------+-------+-------++-------
Melee: Dagger            |     8 |     1 ||     9
       Punch             |     2 |       ||     2
       Bite              |     2 |       ||     2
 Cast: Magic Dart        |    79 |     3 ||    82
Armor: Robe              |     1 |       ||     1
Dodge: Dodged            |     3 |     4 ||     7

Table legend: (Time is in decaauts)
 A = Elapsed time spent in this place.
 B = Non-inter-level travel time spent in this place.
 C = Inter-level travel time spent in this place.
 D = Time resting spent in this place.
 E = Time spent auto-exploring this place.
 F = Levels seen in this place.
 G = Mean time per level.
                   A        B        C        D        E       F      G
               +--------+--------+--------+--------+--------+-----+--------+
         Total |   2127 |   2113 |     14 |     95 |   1615 |   2 | 1063.5 |
       Dungeon |   2127 |   2113 |     14 |     95 |   1615 |   2 | 1063.5 |
               +--------+--------+--------+--------+--------+-----+--------+

Top non-repeatable levels by time:
     D:2: 1123 daAuts
     D:1: 1003 daAuts
